 Dungeon Crawl Stone Soup version 0.28-a0-664-gc179e30c89 (webtiles) character file.

Game seed: 12378615524423466370

196 ytrimaz the Ducker (level 5, -5/36 HPs)
             Began as an Octopode Fighter on Oct 16, 2021.
             Slain by Sigmund (6 damage)
             ... on level 3 of the Dungeon.
             The game lasted 00:03:38 (2232 turns).

ytrimaz the Ducker (Octopode Fighter)               Turns: 2232, Time: 00:03:39

Health: -5/36      AC:  1    Str: 15    XL:     5   Next: 74%
Magic:  0/5        EV: 15    Int: 11    God:
Gold:   41         SH:  5    Dex: 12    Spells: 4/4 levels left

rFire   . . .      SeeInvis .   k - +1 dagger (venom)
rCold   . . .      Faith    .   b - +0 buckler
rNeg    . . .      Spirit   +   (helmet restricted)
rPois   .          Reflect  .   h - amulet of guardian spirit
rElec   .          Harm     .   (no ring)
rCorr   .          Rampage  .   (no ring)
Will    .....                   (no ring)
Stlth   ++........              (no ring)
HPRegen 0.12/turn               (no ring)
MPRegen 0.09/turn               (no ring)
                                (no ring)
                                (no ring)

@: mighty
A: almost no armour, amphibious, 8 rings, camouflage 1, gelatinous body 1,
(nimble swimmer 1), tentacles
a: no special abilities


You were on level 3 of the Dungeon.
You visited 1 branch of the dungeon, and saw 3 of its levels.

You collected 41 gold pieces.

Inventory:

Hand Weapons
 a - a +0 rapier
 g - a +2 dagger of protection
 k - a +1 dagger of venom (weapon)
Armour
 b - a +0 buckler (worn)
Jewellery
 h - an amulet of guardian spirit (around mantle)
Scrolls
 e - 2 scrolls of identify {unknown}
 f - a scroll of holy word {unknown}
Potions
 d - 3 potions of magic {unknown}
 i - a potion of haste {unknown}
 j - 2 potions of lignification {unknown}


   Skills:
 - Level 3.0 Fighting
 - Level 2.0 Short Blades
 + Level 5.6 Dodging
 - Level 4.0 Shields


You had 4 spell levels left.
You didn't know any spells.
Your spell library contained the following spells:

 Spells                   Type           Power      Damage    Failure   Level
 Beastly Appendage        Tmut           0%         N/A       34%         1
 Animate Dead             Necr           0%         N/A       98%         4
 Haunt                    Necr/Summ      0%         N/A       100%        7
 Infestation              Necr           0%         N/A       100%        8


Dungeon Overview and Level Annotations

Branches:
Dungeon (3/15)

Altars:

Annotations:
D:3 Sigmund


Innate Abilities, Weirdness & Mutations

You cannot wear most types of armour.
You are amphibious.
You can wear up to eight rings at the same time.
Your skin changes colour to match your surroundings (Stealth+).
Your rubbery body absorbs attacks. (AC +1, EV +1)
((You are camouflaged near water. (Stealth+)))
You have tentacles for arms and can constrict up to eight enemies at once.


Message History

You kill the orc!
The orc barely misses you.
Sigmund screams, "You will never...
NEVER!!!"
The orc misses you.
There is a stone staircase leading up, spattered with blood here.
You hit the orc.
You kill the orc!
You can't go down here!
Unknown command.
You start resting.
Sigmund is nearby!
You climb upwards.
There is a stone staircase leading down here.
You start resting.
Magic restored.
You start resting.
HP restored.
You feel very mighty all of a sudden.
You climb downwards.
Level annotation: Sigmund
There is a stone staircase leading up, spattered with blood here.
Items here: ) [ ÷÷.
Items here: ) [ ÷÷.
There is a stone staircase leading up, spattered with blood here.
You start waiting.
Sigmund is nearby!
Sigmund gestures wildly while chanting.
Sigmund flickers and vanishes!
Deactivating autopickup; reactivate with Ctrl-A.
Items here: ) [ ÷÷.
You hear some strange, mumbled words.
Something tries to affect you, but you resist.
You puncture something! Something hits you! Something freezes you.
You hit something. You barely miss something. Something hits you!
Something freezes you.
* * * LOW HITPOINT WARNING * * *
You hit something. Something hits you!
* * * LOW HITPOINT WARNING * * *
Something freezes you.
You die...

≈..≈⌠.≈...≈≈#
.≈.⌠≈..≈..≈≈#
.≈..≈..≈..≈≈
..≈..≈≈...≈
..≈.......#
≈≈........##+##
.........÷#<..##
........{@[)...##
##...####(......#
#.. #..[......# .
+.........+
#.........#
##.......##
##.....## ##...##
#+##


There were no monsters in sight!

Vanquished Creatures
  3 orc wizards
  A hound skeleton (D:2)
  4 gnolls (D:2)
  2 worms (D:2)
  7 orcs
  9 bats
  2 endoplasms
  2 giant cockroaches
  6 goblins
  3 hobgoblins
  3 jackals (D:3)
  5 quokkas
  5 ball pythons
  4 frilled lizards
  3 kobolds
  2 rats (D:1)
61 creatures vanquished.

Notes
Turn   | Place    | Note
-------+----------+-------------------------------------------
     0 | D:1      | ytrimaz the Octopode Fighter began the quest for the Orb.
     0 | D:1      | Reached XP level 1. HP: 16/16 MP: 1/1
   116 | D:1      | Reached XP level 2. HP: 21/21 MP: 2/2
   407 | D:1      | HP: 1/21 [bat (1)]
   842 | D:1      | Found a faded altar of an unknown god.
   850 | D:1      | Got Plato's Catalogue of Moulding
   997 | D:2      | Reached XP level 3. HP: 23/26 MP: 3/3
  1129 | D:2      | Reached skill level 4 in Dodging
  1129 | D:2      | Reached XP level 4. HP: 21/31 MP: 4/4
  1315 | D:2      | Reached XP level 5. HP: 30/36 MP: 5/5
  1319 | D:2      | Reached skill level 5 in Dodging
  2141 | D:3      | Noticed Sigmund
  2232 | D:3      | HP: 1/36 [something (9)]
  2232 | D:3      | Slain by Sigmund

Illustrated notes

Levels and vault maps discovered:
D:1:      saegor_arrival_simple_a, layout_rooms,
          shapermc_ecumenical_altar_rom_forum
D:2:      layout_loops_cross
D:3:      cheibrodos_helix_gallery, layout_loops_corners,
          palyth_temple_overflow_mages, cheibriados_altar_1, serial_shops, shop,
          wad_floor_pattern_untrapped, uniq_sigmund, uniq_robin

Skill      XL: |  1  2  3  4  5 |
---------------+----------------+-----
Dodging        | 4 5 |  5.6
Shields        | 4 |  4.0
Fighting       | |  3.0
Short Blades   | |  2.0

Action                   |  1- 3 |  4- 6 || total
-------------------------+-------+-------++-------
Melee: Rapier            |    51 |       ||    51
       Constrict         |    18 |    19 ||    37
       Tentacles         |    12 |    18 ||    30
       Dagger            |    23 |    71 ||    94
  Use: Potion            |       |     1 ||     1
 Stab: Sleeping          |     4 |     3 ||     7
Armor: Skin              |    17 |    13 ||    30
Dodge: Dodged            |    73 |    37 ||   110
Block: Buckler           |    27 |    16 ||    43

Table legend: (Time is in decaauts)
 A = Elapsed time spent in this place.
 B = Non-inter-level travel time spent in this place.
 C = Inter-level travel time spent in this place.
 D = Time resting spent in this place.
 E = Time spent auto-exploring this place.
 F = Levels seen in this place.
 G = Mean time per level.
                   A        B        C        D        E       F      G
               +--------+--------+--------+--------+--------+-----+--------+
         Total |   2238 |   2213 |     25 |    593 |   1106 |   3 |  746.0 |
       Dungeon |   2238 |   2213 |     25 |    593 |   1106 |   3 |  746.0 |
               +--------+--------+--------+--------+--------+-----+--------+

Top non-repeatable levels by time:
     D:2: 1162 daAuts
     D:1: 987 daAuts
     D:3: 88 daAuts
